 Dungeon Crawl Stone Soup version 0.23-a0-586-gacb4b3f (webtiles) character file.

77 zishaf the Skirmisher (level 4, 0/41 HPs)
             Began as a Hill Orc Monk on Dec 20, 2018.
             Succumbed to an adder's poison
             ... on level 2 of the Dungeon.
             The game lasted 00:03:04 (1512 turns).

zishaf the Skirmisher (Hill Orc Monk)               Turns: 1512, Time: 00:03:05

Health: 0/41       AC:  7    Str: 14    XL:     4   Next: 34%
Magic:  4/4        EV: 10    Int: 10    God:
Gold:   49         SH:  0    Dex: 13    Spells: 3/3 levels left

rFire    . . .     SeeInvis .   a - +0 spear
rCold    . . .     Gourm    .   (no shield)
rNeg     . . .     Faith    .   e - +1 scale mail (curse)
rPois    .         Spirit   .   (no helmet)
rElec    .         Reflect  .   (no cloak)
rCorr    .         Harm     .   (no gloves)
MR       .....                  (no boots)
Stlth    ..........             (no amulet)
HPRegen  0.13/turn              (no ring)
MPRegen  0.09/turn              (no ring)

@: lethally poisoned (0 -> -3)
A: no striking features
a: no special abilities


You were on level 2 of the Dungeon.
You were not hungry.

You visited 1 branch of the dungeon, and saw 2 of its levels.

You collected 49 gold pieces.

Inventory:

Hand Weapons
 a - a +0 spear (weapon)
Armour
 e - a cursed +1 scale mail (worn)
Wands
 h - a wand of acid (7)
Scrolls
 f - a scroll of magic mapping
Comestibles
 c - 3 rations
 d - 9 chunks of flesh


   Skills:
 + Level 4.5 Fighting
 + Level 4.1 Polearms
 + Level 2.2 Armour
 - Level 2.4 Dodging
 - Level 1.6 Stealth


You had 3 spell levels left.
You didn't know any spells.
Your spell library was empty.

Dungeon Overview and Level Annotations

Branches:
Dungeon (2/15)

Altars:


Message History

Okay, then.
As you read the scroll labeled ACKOG RUUSS, it crumbles to dust.
It is a scroll of identify.
f - a scroll of magic mapping
As you read the scroll labeled NEIT DUMNAET, it crumbles to dust.
It is a scroll of enchant armour.
Your cursed +0 scale mail glows green for a moment.
* * * LOW HITPOINT WARNING * * *
You feel sick.
As you read the scroll labeled SIEDAT GYEVI, it crumbles to dust.
You feel strangely unstable.
It was a scroll of teleportation.
* * * LOW HITPOINT WARNING * * *
You feel sick.
You aren't carrying any pieces of jewellery.
* * * LOW HITPOINT WARNING * * *
You feel sick.
Your surroundings suddenly seem different.
* * * LOW HITPOINT WARNING * * *
You feel sick.
You die...

#......###.##.#.#.#
#..>........<...#.#
########.#.######.#..###.#
.....#...#......#.######.#
....#.#..........#........#
.................########.#
...................# ###
...................#
................@...#
....................#
.≈≈≈................#
≈≈≈≈≈......#.######.#
≈≈♣≈≈......#.# #.#
≈≈≈≈≈...<..#.# #.#
.≈≈≈...#...#.# #.#
.........#.#.# #.#
.....#.....#.# #.#


There were no monsters in sight!

Vanquished Creatures
  3 adders (D:2)
  A dart slug (D:1)
  2 leopard geckos
  A ball python (D:2)
  9 goblins
  9 hobgoblins
  2 jackals (D:1)
  6 bats
  2 frilled lizards (D:1)
  7 kobolds (D:1)
  2 rats
44 creatures vanquished.

Notes
Turn   | Place    | Note
-------+----------+-------------------------------------------
     0 | D:1      | zishaf the Hill Orc Monk began the quest for the Orb.
     0 | D:1      | Reached XP level 1. HP: 19/19 MP: 1/1
    43 | D:1      | Reached XP level 2. HP: 26/27 MP: 2/2
    78 | D:1      | Reached skill level 1 in Armour
   702 | D:1      | Reached XP level 3. HP: 29/33 MP: 3/3
  1405 | D:2      | Reached XP level 4. HP: 41/41 MP: 4/4
  1508 | D:2      | HP: 2/41 [poisoned by an adder]
  1512 | D:2      | Succumbed to an adder's poison

Vault maps used:
D:1:      scummos_arrival_simple_fountains, st_stairs_14
D:2:      minmay_door_path, lemuel_round_altar, elyvilon_altar_3, uniq_natasha

Skill      XL: |  1  2  3 |
---------------+----------+-----
Armour         | 1 2 |  2.2
Fighting       | 4 |  4.5
Polearms       | 4 |  4.1
Dodging        | |  2.4
Stealth        | |  1.6

Action                   |  1- 3 |  4- 6 || total
-------------------------+-------+-------++-------
Melee: Spear             |   157 |    36 ||   193
  Use: Scroll            |       |     3 ||     3
 Stab: Sleeping          |     3 |       ||     3
  Eat: Chunk             |     2 |       ||     2
Armor: Robe              |     8 |       ||     8
       Scale mail        |    28 |    19 ||    47
Dodge: Dodged            |    77 |    17 ||    94

Table legend:
 A = Non-vault XP
 B = Vault XP
 C = Vault XP percentage of total XP
 D = Non-vault monster count
 E = Vault monster count
 F = Vault count percentage of total count
                 A         B        C        D         E       F
            +---------+---------+-------+---------+---------+-------
      Total |     110 |       1 |   0.9 |      43 |       1 |   2.3
            +---------+---------+-------+---------+---------+-------
        D:1 |      48 |       1 |   2.0 |      28 |       1 |   3.4
        D:2 |      62 |       0 |   0.0 |      15 |       0 |   0.0
            +---------+---------+-------+---------+---------+-------
